 Dungeon Crawl Stone Soup version 0.30-b1-2-g02819fbbbe (webtiles) character file.

Game seed: 2194293607801195291

(classic levelgen) 81 EnegeticOcto the Shield-Bearer (level 4, 0/40 HPs)
             Began as a Minotaur Fighter on May 9, 2023.
             Slain by a gnoll
             ... wielding a +0 halberd
              (2 damage)
             ... on level 3 of the Dungeon.
             The game lasted 00:00:48 (1613 turns).

EnegeticOcto the Shield-Bearer (Minotaur Fighter)   Turns: 1613, Time: 00:00:49

Health: 0/40       AC:  8    Str: 22    XL:     4   Next: 19%
Magic:  3/3        EV:  8    Int:  5    God:
Gold:   102        SH:  8    Dex: 10    Spells: 3/3 levels left

rFire   . . .        a - +0 war axe
rCold   . . .        i - +0 kite shield
rNeg    . . .        b - +0 scale mail
rPois   .            (helmet restricted)
rElec   .            (no cloak)
rCorr   .            h - +0 pair of gloves
SInv    .            (no boots)
Will    .....        (no amulet) Stlth
                     (no ring)
HPRegen 0.26/turn    (no ring)
MPRegen 0.08/turn

%: no passive effects
@: no status effects
A: horns 2, retaliatory headbutt
a: no special abilities


You were on level 3 of the Dungeon.
You visited 1 branch of the dungeon, and saw 3 of its levels.

You collected 102 gold pieces.

Inventory:

Hand Weapons
 a - a +0 war axe (weapon)
Armour
 b - a +0 scale mail (worn)
 c - a +0 buckler
 h - a +0 pair of gloves (worn)
   (You found it on level 1 of the Dungeon)
 i - a +0 kite shield (worn)
   (You found it on level 1 of the Dungeon)
Jewellery
 l - a ring of fire
   (You found it on level 2 of the Dungeon)
Scrolls
 g - 2 scrolls of enchant weapon {unknown}
 j - a scroll of magic mapping {unknown}
 m - a scroll of summoning {unknown}
 n - a scroll of teleportation {unknown}
Potions
 d - 2 potions of might {@q3}
 e - 3 potions of curing {unknown}
 f - a potion of resistance {unknown}
 k - a potion of degeneration {unknown}


   Skills:
 + Level 4.2 Fighting
 * Level 3.9 Axes
 + Level 4.2 Armour
 + Level 4.2 Shields


You had 3 spell levels left.
You didn't know any spells.
Your spell library was empty.

Dungeon Overview and Level Annotations

Branches:
Dungeon (3/15)

Altars:


Innate Abilities, Weirdness & Mutations

You have a pair of horns on your head.
You reflexively headbutt those who attack you in melee.


Message History

Done exploring.
Done exploring.
Done exploring.
Done exploring.
No target in view!
No target in view!
No target in view!
Search for what [? for help]? .
(D) Dungeon
Where to? (Enter - D:2, ? - help)
There is a stone staircase leading down here.
You climb downwards.
There is a stone staircase leading up here.
Found an escape hatch in the ceiling.
You now have 102 gold pieces (gained 5).
A giant cockroach comes into view.
A giant cockroach is nearby!
A giant cockroach is nearby!
You hit the giant cockroach.
You kill the giant cockroach!
No target in view!
No target in view!
No target in view!
No target in view!
No target in view!
Found a flail.
A quokka comes into view.
Found a leather armour.
A quokka is nearby!
A quokka is nearby!
The quokka barely misses you. You furiously retaliate!
You headbutt the quokka. The quokka bites you.
You hit the quokka.
The quokka is severely wounded.
The quokka barely misses you.
You slash the quokka!
You kill the quokka!
No target in view!
No target in view!
No target in view!
No target in view!
HP restored.
Found an escape hatch in the floor.
Found a stone staircase leading down.
A gnoll comes into view. It is wielding a +0 halberd.
The gnoll shouts!
You hear a shout! x2
A gnoll comes into view. It is wielding a +0 flail.
You hear a shout! x2
There are monsters nearby!
An endoplasm comes into view.
You block the gnoll's attack.
The endoplasm hits you but does no damage.
You hit the endoplasm.
You kill the endoplasm!
The gnoll barely misses you. The gnoll barely misses you.
You furiously retaliate!
You headbutt the gnoll. You closely miss the gnoll.
Your headbutt misses the gnoll.
The gnoll is heavily wounded.
The gnoll barely misses you. You block the gnoll's attack.
You slash the gnoll!
You kill the gnoll!
You have reached level 4!
You feel agile.
You closely miss the gnoll. The gnoll hits you but does no damage.
You slash the gnoll!
You kill the gnoll!
A gnoll comes into view. It is wielding a +0 halberd.
A gnoll comes into view. It is wielding a +0 halberd.
The gnoll shouts!
The gnoll hits you with a +0 halberd.
A goblin comes into view. It is wielding a +0 dagger.
Things that are here:
a +0 flail; a +0 halberd; a gnoll corpse You closely miss the gnoll.
The gnoll hits you from afar with a +0 halberd.
The gnoll closely misses you.
You hit the gnoll.
The gnoll is heavily wounded.
You block the gnoll's attack. The gnoll hits you with a +0 halberd!
The gnoll barely misses you.
The gnoll hits you from afar with a +0 halberd!
* * * LOW HITPOINT WARNING * * *
You are too injured to fight recklessly!
There are monsters nearby!
There are monsters nearby!
There are monsters nearby!
There are monsters nearby!
You are too injured to fight recklessly!
You are too injured to fight recklessly!
You slash the gnoll!
The gnoll is almost dead.
The gnoll hits you from afar with a +0 halberd.
* * * LOW HITPOINT WARNING * * *
The gnoll hits you with a +0 halberd.
* * * LOW HITPOINT WARNING * * *
You hit the gnoll.
You kill the gnoll!
You block the gnoll's attack.
The gnoll hits you from afar with a +0 halberd.
You die...

#########
........#
........#####
........)gg.#
#@# ###.###
#.....#
......>#.#
####...#.#######
###.#.#......
#.#.#.#...#
#####.#.......#
.....#...#...#


You could see a gnoll and a goblin.

Vanquished Creatures
  3 gnolls (D:3)
  An adder (D:2)
  A worm (D:2)
  2 dart slugs
  A bat (D:2)
  4 endoplasms
  6 giant cockroaches
  5 goblins
  6 hobgoblins
  A quokka (D:3)
  5 ball pythons
  2 frilled lizards
  2 kobolds
  4 rats
43 creatures vanquished.

Notes
Turn   | Place    | Note
-------+----------+-------------------------------------------
     0 | D:1      | EnegeticOcto the Minotaur Fighter began the quest for the
                  | Orb.
     0 | D:1      | Reached XP level 1. HP: 19/19 MP: 0/0
   259 | D:1      | Reached XP level 2. HP: 27/27 MP: 1/1
   854 | D:2      | Reached XP level 3. HP: 33/33 MP: 2/2
  1607 | D:3      | Reached XP level 4. HP: 40/40 MP: 3/3
  1612 | D:3      | HP: 2/40 [gnoll/+0 halberd (3)]
  1613 | D:3      | Slain by a gnoll

Illustrated notes

Levels and vault maps discovered:
D:1:      evilmike_arrival_rings, layout_loops_cross,
          minmay_misc_feat_four_crosses
D:2:      layout_loops_ring
D:3:      layout_basic, nicolae_overflow_hidden_temple

Skill      XL: |  1  2  3 |
---------------+----------+-----
Axes           | 3 |  3.9
Fighting       | 4 |  4.2
Shields        | 4 |  4.2
Armour         | 4 |  4.2

Action                     |  1- 3 |  4- 6 || total
---------------------------+-------+-------++-------
  Melee: War axe           |   101 |     6 ||   107
         Headbutt          |    11 |       ||    11
 Armour: Scale mail        |    42 |     1 ||    43
  Dodge: Dodged            |    33 |     2 ||    35
  Block: Buckler           |     9 |       ||     9
         Kite shield       |    23 |     2 ||    25
